 Dungeon Crawl Stone Soup version 0.23-a0-14-g8c9a20f (webtiles) character file.

3472 jjfam the Blocker (level 9, -1/81 HPs)
             Began as a Deep Dwarf Fighter on Aug 2, 2018.
             Was an Initiate of Makhleb.
             Slain by a warg (3 damage)
             ... on level 8 of the Dungeon.
             The game lasted 00:17:54 (6074 turns).

jjfam the Blocker (Deep Dwarf Fighter)              Turns: 6074, Time: 00:18:24

Health: -1/81      AC: 13    Str: 22    XL:     9   Next: 79%
Magic:  0/0        EV:  7    Int: 17    God:    Makhleb [......]
Gold:   504        SH: 11    Dex: 12    Spells: 8/8 levels left

rFire    . . .     SeeInvis +   a - +0 war axe
rCold    . . .     Gourm    .   c - +0 shield
rNeg     + . .     Faith    .   L - +0 plate armour
rPois    +         Spirit   +   (no helmet)
rElec    .         Reflect  .   (no cloak)
rCorr    .         Harm     .   (no gloves)
MR       +....                  C - +0 pair of boots of Kottavat {Int+9 Dex-2 SInv} (curse)
Stlth    ..........             J - amulet of guardian spirit (curse)
HPRegen  0.00/turn              k - ring of poison resistance
MPRegen  0.07/turn              w - ring of positive energy

@: non-regenerating
A: damage resistance, heal wounds, sense surroundings 2, no regeneration
a: Heal Wounds, Renounce Religion


You were on level 8 of the Dungeon.
You worshipped Makhleb.
Makhleb was noncommittal.
You were hungry.

You visited 2 branches of the dungeon, and saw 9 of its levels.

You collected 504 gold pieces.

Inventory:

Hand Weapons
 a - a +0 war axe (weapon)
 z - a +1 short sword of draining
Armour
 b - a +0 scale mail
 c - a +0 shield (worn)
 l - a +3 leather armour
 C - the cursed +0 pair of boots of Kottavat (worn) {Int+9 Dex-2 SInv}
   (You found it on level 4 of the Dungeon)

   It affects your intelligence (+9).
   It affects your dexterity (-2).
   It lets you see invisible.
   It has a curse placed upon it.
 L - a +0 plate armour (worn)
Jewellery
 k - a ring of poison resistance (left hand)
 r - an uncursed ring of ice
 v - an uncursed ring of ice
 w - a ring of positive energy (right hand)
 J - a cursed amulet of guardian spirit (around neck)
 M - an uncursed ring of see invisible {unknown}
Wands
 F - a wand of iceblast (7)
 G - a wand of random effects (31)
 I - a wand of acid (10)
Scrolls
 e - 5 scrolls of magic mapping {unknown}
 h - 2 scrolls of amnesia {unknown}
 i - 2 scrolls of immolation {unknown}
 m - a scroll of noise {unknown}
 n - a scroll of fear {unknown}
 o - 2 scrolls of enchant weapon {unknown}
 q - 7 scrolls of identify {unknown}
 u - 3 scrolls of fog {unknown}
 x - 9 scrolls of remove curse {unknown}
 y - 2 scrolls of random uselessness {unknown}
 A - 3 scrolls of teleportation {unknown}
 H - a scroll of silence {unknown}
Potions
 d - a potion of might
 g - a potion of brilliance {unknown}
 j - 4 potions of degeneration {unknown}
 p - 2 potions of mutation {unknown}
 s - a potion of heal wounds {unknown}
 t - a potion of invisibility {unknown}
 B - 2 potions of cancellation {unknown}
 D - a potion of haste {unknown}
 E - 3 potions of curing
 K - a potion of lignification {unknown}
Comestibles
 f - 13 rations
 N - 6 chunks of flesh


   Skills:
 + Level 5.3 Fighting
 + Level 5.2 Short Blades
 + Level 6.4 Axes
 + Level 5.1 Armour
 + Level 6.2 Dodging
 + Level 2.9 Stealth
 + Level 8.5 Shields


You had 8 spell levels left.
You didn't know any spells.
Your spell library contained the following spells:

 Spells                   Type           Power        Failure   Level  Hunger
 Stone Arrow              Conj/Erth      #.....       100%        3    ####...
 Passwall                 Tmut/Erth      #.......     100%        2    ###....
 Lee's Rapid Deconstruct  Erth           #.........   100%        5    ######.
 Sandblast                Erth           #.....       100%        1    ##.....
 Petrify                  Tmut/Erth      #.......     100%        4    #####..


Dungeon Overview and Level Annotations

Branches:
Dungeon (8/15)             Temple (1/1) D:7            Lair (0/6) D:8

Altars:
Ashenzari
Cheibriados
Dithmenos
Elyvilon
Fedhas
Gozag
Hepliaklqana
Kikubaaqudgha
Makhleb
Nemelex Xobeh
Okawaru
Qazlal
Sif Muna
Trog
Uskayaw
Vehumet
Wu Jian
Xom
Yredelemnul
Zin
The Shining One


Innate Abilities, Weirdness & Mutations

You are resistant to damage.
You can heal yourself by infusing magical energy.
You passively map the area around you.
You do not regenerate.


Message History

You hit the warg but do no damage.
The warg is moderately wounded.
Your plate armour prevents you from hitting the orc priest.
The warg bites you but does no damage.
The orc priest hits you but does no damage.
Your shield and plate armour prevent you from hitting the warg.
The warg is moderately wounded.
You closely miss the orc priest. You block the warg's attack.
The orc priest invokes the aid of Beogh against you.
Beogh smites you!
* * * LOW HITPOINT WARNING * * *
The warg barely misses you.
The orc priest begins to cast a cantrip, but forgets the words!
You closely miss the warg.
The warg is moderately wounded.
You hit the orc priest.
You kill the orc priest!
Makhleb accepts your kill. The warg bites you but does no damage.
The warg bites you.
You die...

,* , * * * * .# *> ,
#....#..#,* ##. ,,
#...?..., ####..* * * .
#....#.#**#....# ,
..#..[.(. #....# ,
......#* #....# , , , ,
.o..#####...<# , , , >
*#hO.........# *, , *
#@..###..#.## ,
##..####...#### , , ,
,,, ,* #...# ##.....###
* *# #.#.# #.###...##
*#. #.#.# ##.#.......
,####[.#.#)###..........
........).)........(...
*
#.......##....#########
* * #..#....##.##.#


You could see a warg, an ogre and an orc priest.

Vanquished Creatures
  2 hippogriffs
  Edmund (D:4)
  A warg (D:8)
  Duvessa (D:4)
  A sky beast (D:5)
  2 ogres
  A necrophage (D:7)
  An orc warrior (D:7)
  A centaur (D:6)
  A big kobold (D:7)
  Dowan (D:4)
  4 bullfrogs
  2 scorpions
  17 killer bees
  A crimson imp (D:6)
  A centaur zombie (D:5)
  3 hounds (D:7)
  3 orc priests
  5 orc wizards
  A bullfrog skeleton (D:5)
  Natasha (thrice) (D:2 D:6)
  2 iguanas (D:6)
  Ijyb (D:5)
  6 worker ants
  A hound zombie (D:6)
  14 gnolls
  A howler monkey skeleton (D:5)
  7 adders
  A shadow imp (D:6)
  2 oozes
  6 worms
  A dart slug (D:1)
  4 leopard geckos
  16 orcs
  A ball python (D:3)
  3 giant cockroaches
  7 goblins
  8 hobgoblins
  12 jackals
  3 quokkas
  11 bats
  3 frilled lizards
  A giant cockroach zombie (D:5)
  14 kobolds
  9 rats
187 creatures vanquished.

Notes
Turn   | Place    | Note
-------+----------+-------------------------------------------
     0 | D:1      | jjfam the Deep Dwarf Fighter began the quest for the Orb.
     0 | D:1      | Reached XP level 1. HP: 20/20 MP: 1/1
   136 | D:1      | Reached XP level 2. HP: 27/27 MP: 2/2
   884 | D:2      | Reached XP level 3. HP: 33/33 MP: 3/3
   928 | D:2      | Noticed Natasha
   936 | D:2      | Killed Natasha
   937 | D:2      | Reached skill level 4 in Shields
  1018 | D:2      | Found a shadowy altar of Dithmenos.
  1113 | D:2      | Reached XP level 4. HP: 27/42 MP: 4/4
  1876 | D:3      | Reached XP level 5. HP: 26/49 MP: 4/4
  1884 | D:3      | Found a stormy altar of Qazlal.
  2299 | D:3      | Noticed a moth of wrath
  2302 | D:3      | Found a bloodstained altar of Trog.
  2439 | D:4      | Reached skill level 1 in Dodging
  2477 | D:4      | Noticed Dowan
  2480 | D:4      | Noticed Duvessa
  2499 | D:4      | Killed Duvessa
  2499 | D:4      | Reached skill level 1 in Stealth
  2499 | D:4      | Reached XP level 6. HP: 24/56 MP: 4/4
  2506 | D:4      | Killed Dowan
  2546 | D:4      | Reached skill level 1 in Short Blades
  2560 | D:4      | Found a hide-covered altar of Uskayaw.
  2766 | D:4      | Got a pair of polished boots
  2772 | D:4      | Identified the cursed +0 pair of boots of Kottavat {Int+9 Dex-2 SInv} (You found it on level 4 of the Dungeon)
  2796 | D:4      | Noticed Edmund
  2818 | D:4      | Killed Edmund
  2818 | D:4      | Reached skill level 5 in Shields
  2818 | D:4      | Reached XP level 7. HP: 51/62 MP: 5/5
  3130 | D:5      | Entered Level 5 of the Dungeon
  3294 | D:5      | Noticed Ijyb
  3591 | D:5      | Killed Ijyb
  3606 | D:5      | Found an opulent altar of Gozag.
  3901 | D:6      | Found a shattered altar of Ashenzari.
  4005 | D:6      | Noticed Natasha
  4016 | D:6      | Reached XP level 8. HP: 41/72 MP: 5/5
  4023 | D:6      | Killed Natasha
  4029 | D:6      | Noticed Natasha
  4036 | D:6      | Reached skill level 6 in Shields
  4044 | D:6      | Killed Natasha
  4110 | D:6      | Found an ancient bone altar of Kikubaaqudgha.
  4549 | D:6      | Found a basalt altar of Yredelemnul.
  4550 | D:6      | Found a shadowy altar of Dithmenos.
  4558 | D:6      | Found a snail-covered altar of Cheibriados.
  4558 | D:6      | Found a glowing golden altar of the Shining One.
  4754 | D:7      | Noticed a hippogriff
  4773 | D:6      | Killed a hippogriff
  4838 | D:6      | Reached skill level 7 in Shields
  4866 | D:7      | Reached skill level 5 in Dodging
  5053 | D:7      | Gained mutation: You passively map the area around you. [Deep Dwarf growth]
  5053 | D:7      | Reached XP level 9. HP: 54/79 MP: 4/4
  5079 | D:7      | HP: 3/79 [killer bee (6)]
  5102 | D:7      | Reached skill level 5 in Axes
  5173 | D:7      | Reached skill level 8 in Shields
  5276 | D:7      | Found a deep blue altar of Sif Muna.
  5286 | D:7      | Found a blossoming altar of Fedhas.
  5376 | D:7      | Reached skill level 5 in Short Blades
  5414 | D:7      | HP: 3/80 [orc warrior/hand axe (14)]
  5428 | D:7      | Reached skill level 5 in Fighting
  5492 | D:7      | Reached skill level 5 in Armour
  5601 | D:7      | Found a staircase to the Ecumenical Temple.
  5610 | Temple   | Entered the Ecumenical Temple
  5729 | Temple   | Became a worshipper of Makhleb the Destroyer
  6073 | D:8      | HP: 2/81 [orc priest/divine providence (10)]
  6074 | D:8      | Slain by a warg

Vault maps used:
D:1:      nzn_arrival_water_spiral
D:2:      grunt_dithmenos_smoke_and_mirrors, uniq_natasha
D:3:      tgw_trog, old_standard_altar
D:4:      old_standard_altar, uniq_edmund, uniq_duvessa
D:5:      old_standard_altar, first_ration, st_stairs_14, uniq_ijyb
D:6:      evilmike_ruin_ashenzari, grunt_temple_overflow_open,
          kiku_gazebo_pond_becter
D:7:      minitemple, minmay_temple_entry_nine_rooms
D:8:      nicolae_overflow_hidden_temple, erik_lair_orcish_takeover,
          serial_shops, kennysheep_mini_moat, grunt_pizzeria, fungi_pond_lemuel
Temple:   nicolae_temple_figure_zero

Skill      XL: |  1  2  3  4  5  6  7  8  9 |
---------------+----------------------------+-----
Fighting       | 3 4 5 |  5.3
Axes           | 3 4 6 |  6.4
Shields        | 4 5 7 8 |  8.5
Dodging        | 2 3 5 6 |  6.2
Armour         | 4 5 |  5.1
Stealth        | 1 2 |  2.9
Short Blades   | 2 3 4 5 |  5.2

Action                   |  1- 3 |  4- 6 |  7- 9 || total
-------------------------+-------+-------+-------++-------
Melee: War axe           |    85 |   136 |   145 ||   366
       Short sword       |       |    79 |   499 ||   578
 Abil: Heal Wounds       |       |     5 |    23 ||    28
 Stab: Sleeping          |       |       |     1 ||     1
  Eat: Chunk             |     1 |     6 |    11 ||    18
Armor: Scale mail        |    30 |       |       ||    30
       Leather armour    |    13 |    59 |   173 ||   245
       Plate armour      |       |       |    57 ||    57
Dodge: Dodged            |    38 |    82 |   386 ||   506
Block: Shield            |    50 |   136 |   502 ||   688

Table legend:
 A = Spawn XP
 B = Non-spawn XP
 C = Spawn XP percentage of total XP
 D = Spawn monster count
 E = Non-spawn monster count
 F = Spawn count percentage of total count
 G = Total turns spent on level
                    A         B        C        D         E        F      G
               +---------+---------+-------+---------+---------+-------+---------
         Total |       0 |    4960 |   0.0 |       0 |     187 |   0.0 |  6074
               +---------+---------+-------+---------+---------+-------+---------
           D:1 |       0 |      33 |   0.0 |       0 |      18 |   0.0 |   761
           D:2 |       0 |      69 |   0.0 |       0 |      16 |   0.0 |   633
           D:3 |       0 |     138 |   0.0 |       0 |      40 |   0.0 |  1037
           D:4 |       0 |     541 |   0.0 |       0 |      18 |   0.0 |   699
           D:5 |       0 |     498 |   0.0 |       0 |      18 |   0.0 |   758
           D:6 |       0 |    1230 |   0.0 |       0 |      22 |   0.0 |   950
           D:7 |       0 |    2130 |   0.0 |       0 |      47 |   0.0 |  1024
           D:8 |       0 |     321 |   0.0 |       0 |       8 |   0.0 |    78
               +---------+---------+-------+---------+---------+-------+---------
